 Dungeon Crawl Stone Soup version 0.30.1-3-gfc49f6343a (webtiles) character file.

Game seed: 1605423636721481503

317 bpung the Trooper (level 6, 0/39 HPs)
             Began as a Gargoyle Fighter on Aug 2, 2023.
             Was an Initiate of Qazlal.
             Slain by an orc
             ... wielding a +0 mace
              (4 damage)
             ... on level 4 of the Dungeon.
             The game lasted 00:08:28 (2779 turns).

bpung the Trooper (Gargoyle Fighter)                Turns: 2779, Time: 00:08:29

Health: 0/39       AC: 14    Str: 21    XL:     6   Next: 44%
Magic:  6/6        EV: 14    Int:  9    God:    Qazlal [......]
Gold:   158        SH:  4    Dex:  9    Spells: 5/5 levels left

rFire   . . .        a - +1 flail
rCold   . . .        c - +0 buckler
rNeg    + . .        b - +0 scale mail
rPois   ∞            (helmet restricted)
rElec   +            o - +0 cloak
rCorr   .            (no gloves)
SInv    .            q - +0 pair of boots
Will    .....        (no amulet) Stlth
                     m - +5 ring of evasion
HPRegen 0.26/turn    (no ring)
MPRegen 0.10/turn

%: clarity
@: flying
A: sickness immunity, AC +4, negative energy resistance 1, electricity
resistance, torment resistance 1, petrification resistance, big wings, horns 1,
clarity, evolution 1
a: Renounce Religion


You were on level 4 of the Dungeon.
You worshipped Qazlal.
Qazlal was noncommittal.
You visited 2 branches of the dungeon, and saw 5 of its levels.

You collected 170 gold pieces.
You spent 12 gold pieces at shops.

Inventory:

Hand Weapons
 a - a +1 flail (weapon)
Missiles
 g - 29 poisoned darts (quivered)
Armour
 b - a +0 scale mail (worn)
 c - a +0 buckler (worn)
 i - a +2 helmet
 o - a +0 cloak (worn)
 q - a +0 pair of boots (worn)
Jewellery
 m - a +5 ring of evasion (left hand)
Wands
 l - a wand of flame (15)
Scrolls
 e - 2 scrolls of fear
 h - a scroll of poison
 j - 4 scrolls of identify
 k - a scroll of magic mapping
Potions
 d - 2 potions of might
 f - 7 potions of heal wounds
 p - a potion of ambrosia


   Skills:
 + Level 4.7 Fighting
 + Level 3.8 Maces & Flails
 + Level 4.5 Armour
 - Level 0.7 Dodging
 + Level 4.4 Shields
 + Level 1.1 Invocations


You had 5 spell levels left.
You didn't know any spells.
Your spell library contained the following spells:

 Spells                   Type           Power      Damage    Failure   Level
 Sting                    Tmut/Pois      0%         1d3       78%         1
 Poisonous Vapours        Pois/Air       0%         N/A       89%         2
 Olgreb's Toxic Radiance  Pois           0%         N/A       100%        4


Dungeon Overview and Level Annotations

Branches:
Dungeon (4/15)             Temple (1/1) D:4

Altars:
Cheibriados
Gozag
Hepliaklqana
Nemelex Xobeh
Okawaru
Qazlal
Sif Muna
Trog
Vehumet
Xom
Yredelemnul
Zin
The Shining One

Shops:
D:4 !


Innate Abilities, Weirdness & Mutations

You are immune to sickness and miasma.
Your stone body is resilient. (AC +4)
You are immune to poison.
You resist negative energy. (rN+)
You are resistant to electric shocks. (rElec)
You are resistant to unholy torment.
You are immune to petrification.
Your large and strong wings let you fly.
You have a pair of small horns on your head.
You possess an exceptional clarity of mind.
You have hidden genetic potential.


Message History

The orc priest calls down the wrath of Beogh upon you.
Pain shoots through your body!
You miss something.
An orc priest comes into view. It is wielding a +0 hand axe.
Something hits you but does no damage.
Unknown command.
Blink to where?
Press: ? - help, Dir - move target
As you read the scroll of blinking, it crumbles to dust.
The orc priest calls down the wrath of Beogh upon you.
You barely resist.
There is a stone staircase leading up here.
You hit the orc. Your headbutt misses the orc.
The orc is almost dead.
The orc barely misses you. The orc attacks as you move away!
The orc hits you but does no damage.
There is a stone staircase leading up here.
You closely miss the orc.
The orc is almost dead.
You barely miss the orc. Your headbutt misses the orc.
The orc is almost dead.
The orc hits you but does no damage. You block the orc's attack.
The orc priest hits you but does no damage.
You sock the orc priest!
The orc priest is severely wounded.
The orc priest closely misses you. The orc hits you but does no damage.
You hit the orc priest.
The orc priest is severely wounded.
The orc priest completely misses you. You block the orc's attack.
Something hits you but does no damage.
You hit the orc priest.
The orc priest is almost dead.
The orc priest calls down the wrath of Beogh upon you.
Beogh smites you! The orc hits you but does no damage.
You block something's attack.
The orc priest calls down the wrath of Beogh upon you.
Beogh smites you!
* * * LOW HITPOINT WARNING * * *
The orc hits you with a +0 mace.
You die...

**,,** *#.....,,**
##.##.#####. **,*
*#.....** ####.# #. *,*
*#...####### #.# #. *,*
*#......[.# #.# #.
**,***#####........# #.#
#.
*,,,,,.......).....#####.#
#.
*,*,*****#........>......#
## *,,,*
##.........####### #
**,,*####....{@....#
*,,*#.......oo....#
*,.*#.###...#####.#
*,...<###.........#
**.....(...########
*########.# #.# ######.#
###o..##o#


You could see an orc priest and an orc.

Vanquished Creatures
  A scorpion (D:4)
  A jelly (D:4)
  Crazy Yiuf (D:3)
  Jessica (D:3)
  6 adders
  A shadow imp (D:4)
  5 worms
  4 dart slugs
  2 orcs
  7 ball pythons
  9 endoplasms
  4 giant cockroaches
  6 goblins
  8 hobgoblins
  2 jackals (D:1)
  2 quokkas (D:1)
  8 bats
  A frilled lizard (D:1)
  11 kobolds
  7 rats
87 creatures vanquished.

Notes
Turn   | Place    | Note
-------+----------+-------------------------------------------
     0 | D:1      | bpung the Gargoyle Fighter began the quest for the Orb.
     0 | D:1      | Reached XP level 1. HP: 14/14 MP: 1/1
   125 | D:1      | Reached XP level 2. HP: 17/19 MP: 2/2
   249 | D:1      | Reached XP level 3. HP: 22/23 MP: 3/3
   634 | D:2      | Gained mutation: You are clumsy. (Dex -2) [potion of
                  | mutation]
   657 | D:2      | Identified the +6 short sword of the Thieving Gods {freeze,
                  | *Rage MP+9 Str-4 Stlth+}
   836 | D:2      | Reached XP level 4. HP: 29/29 MP: 4/4
  1284 | D:3      | Found a faded altar of an unknown god.
  1389 | D:3      | Noticed Jessica
  1393 | D:3      | Killed Jessica
  1394 | D:3      | Reached XP level 5. HP: 33/33 MP: 5/5
  1560 | D:3      | Found a runed translucent door.
  1561 | D:3      | Noticed Crazy Yiuf
  1572 | D:3      | Killed Crazy Yiuf
  2246 | D:4      | Found a staircase to the Ecumenical Temple.
  2256 | Temple   | Entered the Ecumenical Temple
  2290 | Temple   | Became a worshipper of Qazlal Stormbringer
  2391 | D:4      | Reached XP level 6. HP: 39/39 MP: 6/6
  2567 | D:4      | Found Orphy's Distillery.
  2578 | D:4      | Bought a potion of degeneration for 12 gold pieces
  2632 | D:4      | Lost mutation: You are clumsy. (Dex -2) [potion of
                  | mutation]
  2632 | D:4      | Gained mutation: You possess an exceptional clarity of
                  | mind. [potion of mutation]
  2632 | D:4      | Gained mutation: You have hidden genetic potential. [potion
                  | of mutation]
  2632 | D:4      | Gained mutation: You have a pair of small horns on your
                  | head. [potion of mutation]
  2632 | D:4      | Gained mutation: Your large and strong wings let you fly.
                  | [potion of mutation]
  2659 | D:4      | Reached skill level 1 in Invocations
  2779 | D:4      | Slain by an orc

Illustrated notes

Levels and vault maps discovered:
D:1:      scummos_arrival_hexagon, layout_loops_ring, serial_park_tiny_pond
D:2:      layout_rooms, minmay_surrounded
D:3:      layout_loops_cross, ebering_ecumenical_altar_rust,
          uniq_crazy_yiuf_cottage, uniq_jessica
D:4:      layout_loops_corners, minmay_temple_entry_antechambers, serial_shops,
          nicolae_square_shop, uniq_pikel
Temple:   nicolae_temple_ecumenical_triangle

Skill      XL: |  1  2  3  4  5  6 |
---------------+-------------------+-----
Shields        | 4 |  4.4
Maces & Flails | 3 |  3.8
Fighting       | 4 |  4.7
Armour         | 4 |  4.5
Invocations    | 1 |  1.1
Dodging        | |  0.7

Action                     |  1- 3 |  4- 6 || total
---------------------------+-------+-------++-------
  Melee: Flail             |   135 |   183 ||   318
         Headbutt          |       |     4 ||     4
    Use: Scroll            |     3 |    11 ||    14
         Potion            |     2 |     3 ||     5
 Armour: Scale mail        |   122 |    93 ||   215
  Dodge: Dodged            |   112 |   113 ||   225
  Block: Buckler           |    59 |    35 ||    94
